Map: [ESL] Data-C

Players

MaNa

  • Race: Protoss Protoss
  • Spawn Location: 3:00

Scarlett - Winner!

  • Race: Zerg Zerg
  • Spawn Location: 9:00

Event: DreamHack SC2 Masters 2022 Valencia

VOD

Have the link to the VOD?

Description

Time

  • Played on: July 2, 2022, 3:18 a.m.
  • Length: 16:43

All games in this series

Show
View Real Time Build Order
Export as new Build Order

MaNa Protoss 

Build Orders: 1 Gate Expand, Oracle Opening 

Get SALT Encoding   

  12  0:00  Probe  
  13  0:12  Probe  
  14  0:19  Pylon  
  14  0:24  Probe (Chrono Boost)  
  15  0:39  Probe (Chrono Boost)  
  16  0:44  Gateway  
  16  0:45  Probe (Chrono Boost)  
  17  0:53  Probe (Chrono Boost)  
  17  0:55  Assimilator  
  18  1:05  Probe (Chrono Boost)  
  19  1:13  Probe (Chrono Boost)  
  20  1:19  Probe  
  21  1:30  Nexus  
  21  1:40  Cybernetics Core  
  21  1:46  Assimilator  
  21  1:51  Pylon  
  21  1:54  Probe  
  22  2:06  Probe  
  23  2:16  Stargate  
  23  2:17  Adept (Chrono Boost)  
  23  2:18  Probe  
  26  2:27  Warp Gate  
  26  2:30  Probe  
  27  2:40  Stalker (Chrono Boost)  
  27  2:43  Probe x2  
  31  2:55  Probe x2  
  33  3:01  Oracle (Chrono Boost)  
  36  3:07  Probe x2  
  36  3:11  Gateway  
  38  3:19  Probe x2  
  40  3:22  Adept  
  40  3:25  Pylon  
  42  3:31  Probe  
  43  3:36  Oracle  
  46  3:43  Probe x2  
  48  3:50  Pylon  
  48  3:55  Probe  
  48  3:56  Probe  
  48  3:59  Nexus  
  50  4:07  Probe  
  50  4:08  Probe  
  50  4:09  Twilight Council  
  52  4:17  Adept x2  
  52  4:20  Probe x2  
  58  4:26  Pylon  
  58  4:30  Pylon  
  58  4:32  Probe x2  
  58  4:49  Probe x2  
  56  4:55  Blink (Chrono Boost), Gateway  
  56  4:56  Gateway  
  56  4:58  Gateway  
  54  5:01  Probe x2  
  56  5:07  Shield Battery  
  56  5:09  Stalker x2  
  56  5:10  Probe  
  56  5:13  Probe x2  
  63  5:16  Assimilator  
  63  5:18  Assimilator  
  62  5:22  Probe  
  62  5:25  Probe  
  62  5:31  Probe (Chrono Boost)  
  62  5:32  Stalker x2  
  62  5:35  Probe (Chrono Boost)  
  68  5:37  Probe (Chrono Boost)  
  70  5:43  Probe (Chrono Boost)  
  70  5:45  Forge x2  
  70  5:46  Probe (Chrono Boost)  
  70  5:47  Probe (Chrono Boost)  
  70  5:49  Probe (Chrono Boost)  
  73  5:51  Probe (Chrono Boost)  
  73  5:52  Probe (Chrono Boost)  
  75  6:01  Probe x2  
  77  6:05  Probe  
  77  6:07  Protoss Ground Weapons Level 1, Protoss Ground Armor Level 1  
  77  6:09  Stalker x4  
  77  6:10  Stalker  
  88  6:13  Probe x2  
  88  6:17  Probe  
  91  6:25  Pylon  
  91  6:29  Oracle  
  91  6:44  Nexus, Probe x2  
  93  6:47  Gateway  
  93  6:48  Gateway  
  93  6:49  Assimilator  
  93  6:50  Gateway  
  93  6:52  Assimilator  
  93  6:56  Stalker x3  
  93  7:01  Probe x2  
  99  7:03  Probe  
  96  7:11  Zealot x2  
  96  7:13  Probe  
  96  7:14  Pylon  
  96  7:15  Charge (Chrono Boost)  
  101  7:19  Templar Archives, Photon Cannon  
  101  7:26  Pylon  
  101  7:28  Shield Battery  
  101  7:32  Probe x3  
  104  7:42  Gateway  
  104  7:44  Probe x3  
  104  7:45  Gateway x2  
  104  7:47  Sentry, Gateway  
  104  7:48  Psionic Storm, Sentry  
  104  7:51  Shield Battery  
  111  7:53  Pylon  
  111  7:56  Probe x4  
  115  8:00  Gateway  
  115  8:03  High Templar x3  
  121  8:08  Probe  
  121  8:10  High Templar  
  124  8:14  Assimilator  
  124  8:15  Photon Cannon x2, Probe  
  124  8:16  Probe x2, Assimilator  
  127  8:21  Protoss Ground Armor Level 2, Protoss Ground Weapons Level 2  
  127  8:30  Pylon  
  127  8:33  Pylon  
  127  8:34  Pylon  
  127  8:35  Photon Cannon, Pylon  
  127  8:39  Probe  
  127  8:40  Probe  
  129  8:49  Stalker x6  
  141  8:59  High Templar x2  
  141  9:00  Gateway  
  145  9:04  Pylon  
  145  9:05  Archon  
  145  9:06  Pylon x2  
  145  9:15  Stalker x7  
  159  9:30  Probe (Chrono Boost)  
  159  9:31  Probe x2 (Chrono Boost)  
  133  9:33  Probe (Chrono Boost)  
  132  9:42  Void Ray (Chrono Boost), Probe x2 (Chrono Boost)  
  132  9:43  Probe (Chrono Boost)  
  132  9:44  Probe (Chrono Boost)  
  140  9:47  Probe x3 (Chrono Boost)  
  140  9:48  Probe (Chrono Boost)  
  140  9:51  Zealot x2  
  148  9:57  Probe  
  148  9:59  High Templar  
  145  10:00  High Templar x3  
  145  10:01  Probe x3  
  145  10:02  Nexus  
  154  10:08  Archon  
  154  10:09  Probe  
  154  10:12  Archon  
  154  10:13  Probe x3  
  157  10:20  Robotics Facility  
  157  10:21  Probe  
  154  10:25  Probe x3, High Templar x2  
  161  10:33  Probe  
  162  10:37  Zealot  
  162  10:38  Zealot x5  
  162  10:39  Zealot x5  
  174  10:50  Probe x2  
  172  10:57  Nexus  
  172  10:58  Pylon  
  172  11:04  High Templar x4  
  174  11:06  Zealot x6  
  174  11:07  Zealot  
  174  11:09  Archon x2  
  192  11:11  Shield Battery  
  165  11:29  Archon  
  137  11:34  Stalker x6, Zealot x2  
  137  11:35  Zealot  
  137  11:36  Probe x2  
  137  11:38  Protoss Shields Level 1  
  157  11:40  Protoss Ground Weapons Level 3  
  157  11:43  Probe x2  
  151  12:05  Immortal (Chrono Boost)  
  149  12:11  High Templar x4  
  149  12:15  Archon x2  
  145  12:23  Stalker x5  
  145  12:24  Zealot x3  
  145  12:25  Zealot  
  163  12:44  Pylon, Immortal  
  158  12:57  High Templar x2  
  153  13:01  Archon  
  153  13:03  Zealot x6  
  153  13:04  Zealot x3  
  162  13:10  Probe x2  
  138  13:17  Probe  
  129  13:24  Photon Cannon, Immortal (Chrono Boost)  
  133  13:28  Zealot x9  
  151  13:41  Photon Cannon  
  151  13:43  Shield Battery  
  151  13:44  Shield Battery  
  151  13:49  High Templar x4  
  151  13:53  Shield Battery  
  151  13:54  Photon Cannon, Archon x2  
  159  13:56  Observer  
  159  13:57  High Templar x2  
  159  13:58  Zealot x3  
  166  14:20  Immortal  
  169  14:28  Zealot x7  
  169  14:29  Zealot x2  
  151  14:56  High Templar  
  151  14:57  High Templar x4  
  151  14:58  High Templar  
  151  14:59  Observer (Chrono Boost)  
  161  15:13  Stalker x2  
  161  15:14  Stalker  
  167  15:17  Warp Prism (Chrono Boost)  
  169  15:25  Shield Battery  
  161  15:48  Stalker x6  
  161  15:49  Stalker x3  
  155  16:15  Stalker x8  
  136  16:38  Stalker x5  
  136  16:39  Stalker x3  
Show
View Real Time Build Order
Export as new Build Order

Scarlett Zerg - Winner!

Build Orders: Hatch First 

Get SALT Encoding   

  12  0:00  Drone  
  13  0:12  Overlord  
  13  0:16  Drone  
  14  0:30  Drone x2  
  16  0:48  Drone  
  17  0:52  Hatchery  
  17  0:55  Drone  
  17  0:58  Drone  
  18  1:09  Extractor  
  17  1:14  Spawning Pool  
  17  1:16  Drone  
  17  1:20  Drone  
  18  1:28  Drone  
  19  1:38  Drone  
  20  1:48  Overlord  
  20  2:01  Queen  
  20  2:03  Queen, Zergling x2  
  20  2:04  Drone  
  26  2:13  Metabolic Boost  
  26  2:14  Drone x2  
  28  2:22  Drone  
  29  2:25  Drone  
  30  2:35  Hatchery  
  29  2:38  Drone  
  29  2:41  Drone  
  31  2:46  Queen  
  31  2:51  Overlord  
  33  2:54  Drone  
  33  2:57  Zergling x2  
  35  3:00  Drone  
  36  3:11  Drone  
  36  3:12  Overlord, Drone x3  
  40  3:18  Spore Crawler  
  40  3:19  Queen  
  40  3:20  Drone  
  40  3:23  Drone  
  44  3:30  Overlord  
  44  3:32  Drone  
  44  3:33  Drone  
  46  3:38  Overlord  
  46  3:39  Queen  
  48  3:44  Overlord  
  48  3:48  Drone x4  
  52  3:53  Queen  
  52  3:54  Drone  
  55  3:59  Queen  
  56  4:03  Spore Crawler  
  56  4:06  Evolution Chamber, Zergling x2  
  56  4:07  Zergling x2  
  56  4:10  Zergling x4  
  58  4:18  Drone  
  58  4:19  Drone x3  
  58  4:20  Queen  
  64  4:24  Drone x2  
  64  4:30  Zergling x8  
  63  4:46  Zerg Melee Weapons Level 1  
  63  4:50  Drone x4  
  63  4:51  Drone x4  
  63  4:52  Drone  
  71  5:00  Lair  
  71  5:01  Drone x2  
  71  5:04  Overlord  
  73  5:07  Overlord x2  
  73  5:11  Hatchery  
  72  5:15  Drone  
  73  5:25  Drone x10  
  79  5:29  Extractor x2  
  79  5:30  Roach Warren  
  79  5:31  Drone x3  
  78  5:38  Drone x5  
  78  5:41  Drone  
  84  5:43  Extractor x2  
  82  5:50  Zergling x2  
  82  5:51  Zergling x2  
  82  5:54  Zergling x10  
  89  5:57  Spore Crawler, Queen  
  89  6:01  Zergling x6  
  93  6:07  Zergling x6  
  93  6:09  Spore Crawler  
  93  6:11  Drone  
  96  6:14  Zergling x2  
  96  6:15  Glial Reconstitution  
  96  6:28  Drone  
  97  6:33  Evolution Chamber, Drone x3  
  97  6:34  Baneling Nest, Drone x5  
  97  6:38  Overlord  
  97  6:39  Overlord x4  
  103  6:46  Overlord x3  
  103  6:57  Zerg Melee Weapons Level 2  
  99  7:02  Zerg Ground Armor Level 1  
  99  7:04  Drone  
  99  7:05  Drone x8  
  103  7:10  Zergling x8  
  103  7:12  Roach, Spore Crawler  
  103  7:13  Roach  
  108  7:17  Roach x4  
  108  7:22  Infestation Pit, Centrifugal Hooks  
  115  7:24  Hatchery  
  115  7:28  Zergling x10  
  119  7:40  Drone x3  
  119  7:41  Extractor  
  119  7:42  Drone x2  
  119  7:43  Drone  
  124  7:44  Zergling x2  
  124  7:46  Roach x3  
  124  7:47  Pneumatized Carapace  
  124  7:49  Zergling x4  
  133  7:57  Roach x2  
  133  7:58  Roach  
  139  7:59  Hive  
  139  8:06  Zergling x16  
  147  8:19  Zergling x18  
  156  8:27  Baneling x4  
  156  8:36  Baneling  
  156  8:37  Baneling x3  
  156  8:39  Spore Crawler  
  155  8:45  Baneling x23  
  155  8:46  Zergling x22  
  155  8:47  Overlord x4  
  166  8:59  Zerg Ground Armor Level 2  
  166  9:05  Overlord  
  166  9:12  Adrenal Glands  
  166  9:13  Ultralisk Cavern, Zergling x46  
  173  9:37  Zerg Melee Weapons Level 3  
  167  9:39  Hatchery  
  167  9:43  Drone x4  
  167  9:44  Drone  
  171  9:46  Drone x2, Extractor  
  171  9:47  Drone x2, Spine Crawler, Extractor  
  171  9:48  Spine Crawler x2, Drone x2  
  172  9:55  Zergling x2  
  172  9:56  Zergling x24  
  179  10:01  Chitinous Plating  
  179  10:11  Ultralisk x2  
  191  10:19  Ultralisk  
  195  10:24  Overlord  
  195  10:25  Overlord x2  
  195  10:31  Baneling x10  
  195  10:32  Baneling x6  
  187  10:38  Overlord  
  187  10:39  Ultralisk  
  178  10:51  Ultralisk  
  179  10:59  Ultralisk, Zergling x26  
  179  11:00  Zergling x4  
  200  11:10  Baneling x9  
  200  11:16  Spire, Unknown  
  182  11:20  Anabolic Synthesis  
  182  11:23  Zergling x38  
  182  11:24  Zergling x2  
  195  11:29  Zergling x10  
  184  11:36  Ultralisk  
  184  11:37  Queen  
  188  11:41  Zergling x8  
  179  11:55  Baneling x12  
  179  11:56  Zergling x18  
  175  12:18  Zergling x32  
  175  12:22  Zerg Ground Armor Level 3  
  189  12:26  Zergling x4  
  189  12:27  Zergling x18  
  192  12:34  Drone x3, Baneling x13  
  189  12:38  Drone x3  
  190  12:48  Greater Spire  
  179  13:01  Zergling x42  
  186  13:08  Zergling x2  
  186  13:09  Zergling x16  
  171  13:15  Ultralisk  
  171  13:19  Zergling x10  
  162  13:33  Zergling x20  
  172  13:34  Ultralisk  
  172  13:37  Ultralisk  
  183  13:42  Ultralisk  
  183  13:48  Baneling x14  
  189  14:01  Corruptor x5  
  187  14:22  Corruptor x6  
  187  14:23  Corruptor  
  164  14:54  Brood Lord x5  
  164  14:59  Extractor x2  
  165  15:05  Brood Lord x2, Spore Crawler  
  165  15:07  Zergling x44  
  170  15:10  Hatchery  
  170  15:13  Brood Lord  
  189  15:19  Brood Lord  
  191  15:31  Brood Lord x2  
  191  15:34  Brood Lord  
  197  15:38  Zergling x2  
  197  15:39  Zergling x2  
  193  16:09  Zergling x28  
  181  16:13  Zergling x20  

Tags
 
Add a new tag
Caveats
  • Supply blocks, unpowered buildings, or Contaminate may cause inaccurate times.
  • Supply counts are checked every 10 seconds.